 Dungeon Crawl Stone Soup version 0.30.0-29-ga12c61a403 (webtiles) character file.

Game seed: 4016877434525328659

569975 DemonSlayer the Sorcerer (level 25, -14/201 HPs)
             Began as a Demonspawn Earth Elementalist on June 4, 2023.
             Was the Champion of Dithmenos.
             Demolished by a rockslime (26 damage)
             ... created by the Royal Jelly
             ... on level 5 of the Pits of Slime on June 7, 2023.
             The game lasted 05:24:21 (82199 turns).

DemonSlayer the Sorcerer (DsEE)                    Turns: 82199, Time: 05:24:21

Health: -14/201    AC: 13    Str: 13    XL:     25   Next: 61%
Magic:  0/49       EV: 25    Int: 17    God:    Dithmenos [******]
Gold:   3061       SH: 22    Dex: 32    Spells: 27/68 levels left

rFire   + + +        a - staff of fire "Izxa Cue" {Drain rF+ rC+ rCorr Dex+6}
rCold   + . .        j - +4 kite shield "Wiphedoefo" {rN+ Will+ SInv}
rNeg    + . .        F - +4 troll leather armour
rPois   +            J - +2 hat of the Bear Spirit {Spirit, Bear, *Rage Will++}
rElec   +            C - +1 cloak of the Hidden Vale {rF+ Stlth+}
rCorr   +            X - +3 pair of gauntlets of War {Slay+5}
SInv    +            (boots unavailable)
Will    +++++        S - amulet "Hosypt" {RegenMP Drain rElec rPois Dex+6}
Stlth   ++++++++++   N - ring "Zijoas" {Fly rF+++ Will+ rCorr Str-3}
HPRegen 1.33/turn    y - ring of the Tortoise {AC+8}
MPRegen 1.02/turn

%: clarity, guardian spirit
@: about to teleport, marked, corroded, on berserk cooldown, flying, slowed,
wreathed by umbra, studying Maces & Flails, very slow
A: hooves 3, demonic guardian 3, robust 2, magic shield, magic regeneration,
magic link, sharp scales 3, horns 1, clarity, strong 1, evolution 1, MP-powered
wands
}: 3/15 runes: barnacled, silver, gossamer
a: Renounce Religion, Shadow Step, Shadow Form


You were on level 5 of the Pits of Slime.
You worshipped Dithmenos.
Dithmenos was exalted by your worship.
You visited 11 branches of the dungeon, and saw 49 of its levels.
You also visited: Bailey, Gauntlet and Ice Cave.

You collected 8216 gold pieces.
You spent 5155 gold pieces at shops.

Inventory:

Hand Weapons
 Z - the +10 dagger of Mana {spect, rPois Str+2 Int+2}
   (You took it off a deep elf death mage on level 3 of the Elven Halls)

   Str:       It affects your strength (+2).
   Int:       It affects your intelligence (+2).
   rPois:     It protects you from poison.
Missiles
 n - 5 silver javelins
 v - a throwing net
 M - 8 curare-tipped darts
Armour
 j - the +4 kite shield "Wiphedoefo" (worn) {rN+ Will+ SInv}
   (You acquired it in a bailey)

   rN:        It protects you from negative energy.
   SInv:      It lets you see invisible.
   Will:      It increases your willpower.
 s - the orb of Ument {light, Contam rF+ Dex+6}
   (You took it off a black draconian on level 4 of the Depths)

   Dex:       It affects your dexterity (+6).
   rF:        It protects you from fire.
   Contam:    It causes magical contamination when unequipped.
 C - the +1 cloak of the Hidden Vale (worn) {rF+ Stlth+}
   (You found it on level 15 of the Dungeon)

   rF:        It protects you from fire.
   Stlth:     It makes you more stealthy.
 F - a +4 troll leather armour (worn)
 J - the +2 hat of the Bear Spirit (worn) {Spirit, Bear, *Rage Will++}
   (You bought it in a shop on level 2 of the Orcish Mines)

   Bear:      Going berserk makes the wearer exceptionally tough, and they are
   slowed for a shorter time afterward.
   *Rage:     It berserks you when you make melee attacks (+20% chance).
   Will:      It greatly increases your willpower.
 X - the +3 pair of gauntlets of War (worn) {Slay+5}
   (You bought it in a shop on level 3 of the Elven Halls)

   Slay:      It affects your accuracy & damage with ranged weapons and melee
   (+5).
Magical Staves
 a - the staff of fire "Izxa Cue" (weapon) {Drain rF+ rC+ rCorr Dex+6}
   (You acquired it on level 4 of the Dungeon)

   [staff of fire]

   Base accuracy: +5 Base damage: 5 Base attack delay: 1.2 This weapon's minimum
   attack delay (0.6) is reached at skill level 12.
   Dex:       It affects your dexterity (+6).
   rF:        It protects you from fire.
   rC:        It protects you from cold.
   rCorr:     It protects you from acid and corrosion.
   Drain:     It drains your maximum health when unequipped.
   It falls into the 'Staves' category.
   It is a one-handed weapon.
Jewellery
 y - the ring of the Tortoise (right hand) {AC+8}
   (You acquired it on level 6 of the Dungeon)

   [ring of protection]

   AC:        It affects your AC (+8).
 N - the ring "Zijoas" (left hand) {Fly rF+++ Will+ rCorr Str-3}
   (You bought it in a shop on level 3 of the Elven Halls)

   [ring of flight]

   Str:       It affects your strength (-3).
   rF:        It renders you almost immune to fire.
   Fly:       It grants you flight.
   rCorr:     It protects you from acid and corrosion.
   Will:      It increases your willpower.
 R - the ring "Doexysh" {rC- MP+9 AC+4 Int+2}
   (You took it off a spriggan on level 5 of the Lair of Beasts)

   [ring of protection]

   AC:        It affects your AC (+4).
   Int:       It affects your intelligence (+2).
   rC:        It makes you vulnerable to cold.
   MP:        It affects your magic capacity (+9).
 S - the amulet "Hosypt" (around neck) {RegenMP Drain rElec rPois Dex+6}
   (You bought it in a shop on level 2 of the Orcish Mines)

   [amulet of magic regeneration]

   It increases your rate of magic regeneration.
   Dex:       It affects your dexterity (+6).
   rElec:     It insulates you from electricity.
   rPois:     It protects you from poison.
   Drain:     It drains your maximum health when unequipped.
Wands
 b - a wand of mindburst (6)
 l - a wand of charming (49)
 o - a wand of polymorph (16)
 r - a wand of digging (23)
 t - a wand of flame (71)
 P - a wand of acid (7)
 U - a wand of iceblast (22)
Scrolls
 g - a scroll of magic mapping
 m - 3 scrolls of immolation
 u - 2 scrolls of enchant armour
 w - 8 scrolls of teleportation
 H - 7 scrolls of amnesia
 K - 6 scrolls of poison
Potions
 c - 6 potions of attraction
 d - 22 potions of curing
 f - 5 potions of mutation
 q - 7 potions of lignification
 x - 2 potions of might
 z - 10 potions of brilliance
 E - 5 potions of cancellation
 O - 9 potions of flight
Miscellaneous
 i - a lightning rod (inert)
 G - a box of beasts (inert)
 L - a phantom mirror (inert)


   Skills:
 + Level 7.3 Fighting
 + Level 1.7 Short Blades
 + Level 7.0 Staves
 + Level 2.8 Throwing
 + Level 8.3 Armour
 + Level 12.8 Dodging
 + Level 6.6 Stealth
 + Level 16.5 Shields
 + Level 0.7 Unarmed Combat
 + Level 22.3 Spellcasting
 + Level 20.5 Conjurations
 + Level 0.1 Hexes
 + Level 0.4 Translocations
 + Level 1.0 Transmutations
 + Level 0.4 Fire Magic
 + Level 20.4 Earth Magic
 + Level 3.6 Evocations


You had 27 spell levels left.
You knew the following spells:

 Your Spells              Type           Power      Damage    Failure   Level
a - Sandblast             Erth           100%       2d20      0%          1
b - Passwall              Tmut/Erth      44%        N/A       1%          2
c - Stone Arrow           Conj/Erth      100%       3d13      0%          3
d - Petrify               Tmut/Erth      53%        N/A       1%          4
e - Fireball              Conj/Fire      34%        3d14      1%          5
f - Cause Fear            Hex            9%         N/A       43%         4
g - Blink                 Tloc           40%        N/A       6%          2
h - Ignite Poison         Fire/Tmut/Pois 31%        N/A       12%         3
i - Borgnjor's Vile Clut  Necr/Erth      26%        N/A       2%          5
j - Dispel Undead         Necr           18%        3d11      45%         4
k - Lehudib's Crystal Sp  Conj/Erth      36%        10d9      8%          8

Your spell library contained the following spells:

 Spells                   Type           Power      Damage    Failure   Level
 Foxfire                  Conj/Fire      100%       2x1d9     1%          1
 Kiss of Death            Conj/Necr      100%       2d13      1%          1
 Momentum Strike          Conj/Tloc      100%       3d10      1%          2
 Static Discharge         Conj/Air       100%       2-7/arc   1%          2
 Hailstorm                Conj/Ice       52%        3d12      1%          3
 Leda's Liquefaction      Hex/Erth       26%        N/A       1%          4
 Irradiate                Conj/Tmut      26%        3d20      1%          5
 Iskenderun's Battlesphe  Conj           73%        2d12      1%          5
 Lee's Rapid Deconstruct  Erth           36%        3d18*     1%          5
 Orb of Destruction       Conj           36%        9d11      1%          7
 Beastly Appendage        Tmut           44%        N/A       3%          1
 Apportation              Tloc           40%        N/A       4%          1
 Slow                     Hex            76%        N/A       4%          1
 Sting                    Tmut/Pois      80%        1d7       4%          1
 Wereblood                Tmut           22%        N/A       4%          2
 Necrotise                Necr           72%        1d7       5%          1
 Summon Small Mammal      Summ           72%        N/A       5%          1
 Lesser Beckoning         Tloc           40%        N/A       6%          2
 Scorch                   Fire           60%        2d8       6%          2
 Ensorcelled Hibernation  Hex/Ice        38%        N/A       8%          2
 Sublimation of Blood     Necr           18%        N/A       8%          2
 Statue Form              Tmut/Erth      35%        N/A       10%         6
 Spider Form              Tmut/Pois      20%        N/A       12%         3
 Conjure Ball Lightning   Conj/Air       26%        3x3d7     12%         6
 Gell's Gravitas          Tloc           20%        N/A       13%         3
 Teleport Other           Tloc           20%        N/A       13%         3
 Confusing Touch          Hex            19%        N/A       14%         3
 Inner Flame              Hex/Fire       29%        N/A       14%         3
 Portal Projectile        Hex/Tloc       38%        N/A       14%         3
 Tukima's Dance           Hex            19%        N/A       14%         3
 Frozen Ramparts          Ice            36%        1d6       16%         3
 Vampiric Draining        Necr           18%        2d7       16%         3
 Ice Form                 Ice/Tmut       20%        N/A       38%         4
 Manifold Assault         Tloc           20%        N/A       38%         4
 Airstrike                Air            9%         2d(2-18)  45%         4
 Animate Dead             Necr           18%        N/A       45%         4
 Summon Ice Beast         Ice/Summ       18%        N/A       45%         4
 Summon Lightning Spire   Summ/Air       18%        N/A       45%         4
 Blade Hands              Tmut           11%        N/A       67%         5
 Yara's Violent Unravell  Hex/Tmut       10%        3d6       73%         5
 Alistair's Intoxication  Tmut/Pois      13%        N/A       75%         5
 Shatter                  Erth           36%        3d29*     75%         9
 Summon Mana Viper        Hex/Summ       19%        N/A       80%         5
 Eringya's Noxious Bog    Tmut/Pois      10%        N/A       99%         6
 Dispersal                Tloc           10%        N/A       100%        6
 Simulacrum               Ice/Necr       9%         N/A       100%        6
 Dragon Form              Tmut           11%        N/A       100%        7
 Enfeeble                 Hex            9%         N/A       100%        7
 Haunt                    Necr/Summ      9%         N/A       100%        7
 Monstrous Menagerie      Summ           9%         N/A       100%        7
 Storm Form               Tmut/Air       10%        N/A       100%        7
 Summon Hydra             Summ           9%         N/A       100%        7
 Disjunction              Tloc           10%        N/A       100%        8
 Infestation              Necr           9%         N/A       100%        8
 Necromutation            Tmut/Necr      10%        N/A       100%        8
 Chain Lightning          Conj/Air       26%        3d34      100%        9
 Dragon's Call            Summ           9%         N/A       100%        9
 Fire Storm               Conj/Fire      34%        8d9       100%        9


Dungeon Overview and Level Annotations

Branches:
Dungeon (15/15)            Temple (1/1) D:4            Lair (5/5) D:11
 Shoals (4/4) Lair:2       Spider (4/4) Lair:3        Slime (5/5) Lair:5
    Orc (2/2) D:9             Elf (3/3) Orc:2        Vaults (5/5) D:13
  Crypt (0/3) Vaults:3     Depths (4/4) D:15            Zot (1/5) Depths:4
 Bailey (visited)           IceCv (visited)         Gauntlet (visited)

Altars:
Ashenzari
Cheibriados
Dithmenos
Fedhas
Gozag
Hepliaklqana
Kikubaaqudgha
Makhleb
Nemelex Xobeh
Okawaru
Qazlal
Ru
Sif Muna
Trog
Uskayaw
Vehumet
Wu Jian
Xom
Yredelemnul
Jiyva
Lugonu

Shops:
D:7 ?:?   D:9 [(   D:15 !   Orc:2 =[[!   Elf:1 **?   Elf:3 ?=[   Shoals:1 (
Vaults:1 !   Vaults:2 =(:=   Depths:2 (

Portals:
Hell: Depths:1 Depths:2 Depths:3 Depths:4
Abyss: Lair:5 Depths:1 Depths:3 Depths:4
Pandemonium: Depths:2
Ziggurat: Depths:4

Annotations:
Slime:5 Royal Jelly
Elf:1 3 runed translucent doors


Innate Abilities, Weirdness & Mutations

You have hooves in place of feet.
A powerful demonic guardian rushes to your aid.
You are very robust. (+20% HP)
When hurt, damage is shared between your health and your magic reserves.
You regenerate magic rapidly.
When low on magic, you restore magic in place of health.
You are completely covered in razor-sharp scales. (AC +3, Slay +3)
You have a pair of small horns on your head.
You possess an exceptional clarity of mind.
Your muscles are strong. (Str +4, Int/Dex -1)
You have hidden genetic potential.
You expend magic power (3 MP) to strengthen your wands.


Message History

The splash of acid hits you! You resist.
* * * LOW HITPOINT WARNING * * *
The acid blob hits your Executioner!
Your Executioner is splashed with acid.
Your Executioner hits the acid blob!
The acid blob dies!
Unknown command.
Unknown command.
Unknown command.
You block the rockslime's attack.
Your Executioner hits the acid blob!
Your Executioner is burned by acid!
Your Executioner hits the acid blob.
Your Executioner is burned by acid!
Your Executioner hits the acid blob.
Your Executioner is burned by acid!
The acid blob hits your Executioner!!
Your Executioner is splashed with acid.
You feel a strong urge to attack something.
Your Executioner hits the acid blob!
Your Executioner is burned by acid!
Your Executioner hits the acid blob.
Your Executioner is burned by acid!
Your Executioner hits the acid blob!
Your Executioner is burned by acid!
The rockslime jiggles.
Your Executioner hits the acid blob!!
Your Executioner is burned by acid!
Your Executioner hits the acid blob.
Your Executioner seems to be corroded for longer.
Your Executioner is burned by acid!
Your Executioner hits the acid blob!
Your Executioner is burned by acid!
You are no longer berserk.
You are exhausted.
You feel yourself slow down.
Your Executioner hits the acid blob!!
Your Executioner is burned by acid!
Your Executioner dies!
Your Executioner disappears in a puff of smoke!
As you read the scroll of teleportation, it crumbles to dust.
You feel strangely unstable. The rockslime misses you.
The rockslime hits you!!!
You die...

#.....................
##....................
#.....................
##....................
#....................
#....................
##................... #
####.................. ##.
###.JJJ@................
#...####.#..JJJ................
#...........JJJJ...............
#.........JJJJJ................
##........JJ.J.........#..#..#
#............J........######.#
#....................###/##..#
#.....................##"!!#.##
##....................##[)$##..#


You could see the Royal Jelly, 3 acid blobs, 5 azure jellies, 6 rockslimes and 4
quicksilver oozes.

Vanquished Creatures
  3 dread liches
  Mara (Shoals:4)
  An ancient lich (Vaults:5)
  4 caustic shrikes (Depths:3)
  Saint Roka (Depths:3)
  Nikola (Spider:4)
  5 golden dragons
  4 liches
  13 tentacled monstrosities
  A walking earthen tome (Depths:4)
  A walking divine tome (Depths:3)
  4 titans
  A quicksilver dragon (Vaults:5)
  23 acid blobs
  3 deep elf master archers (Elf:3)
  2 deep elf blademasters (Elf:3)
  3 sphinxes
  A sphinx (shapeshifter) (Vaults:1)
  The ghost of Pail the Slicer, an adept VSVM of Uskayaw (Vaults:1)
  7 storm dragons
  6 shadow dragons
  7 tengu reavers
  Roxanne (Spider:1)
  Donald (Shoals:4)
  26 azure jellies
  A draconian monk (Depths:4)
  18 rockslimes
  9 deep elf sorcerers
  10 fire giants
  A frost giant (shapeshifter) (Lair:4)
  5 iron dragons
  16 vault wardens
  3 emperor scorpions (Spider:4)
  4 ghost moths
  3 cacodemons (Vaults:1)
  Louise (D:14)
  10 frost giants
  A draconian knight (IceCv)
  A deep elf elementalist (Elf:3)
  2 orc warlords
  A draconian stormcaller (Depths:4)
  14 quicksilver oozes
  4 war gargoyles
  4 ironbound thunderhulks
  17 stone giants
  19 ironbound preservers
  4 broodmothers
  A spriggan defender (Depths:2)
  2 vampire knights
  31 very ugly things
  2 black draconians (Depths:4)
  A deep elf demonologist (Elf:3)
  A green draconian (Depths:4)
  A yellow draconian (Depths:4)
  6 deep elf annihilators
  7 white draconians
  A purple draconian (Depths:4)
  13 spark wasps
  3 red draconians
  A minotaur (Gauntlet)
  5 dire elephants
  A blizzard demon (Depths:2)
  A crystal guardian (Vaults:3)
  6 merfolk impalers
  8 deep elf death magi
  9 ettins
  2 jiangshi (Depths:4)
  5 entropy weavers
  An ettin (shapeshifter) (Lair:5)
  3 merfolk javelineers
  12 yaktaur captains
  5 fire dragons
  7 deep elf high priests
  14 great orbs of eyes
  15 ice dragons
  4 rakshasas (Depths:3)
  Fannar (D:9)
  3 merfolk avatars
  6 ironbound frosthearts
  A spriggan air mage (Depths:3)
  41 vault guards
  5 hydras
  A catoblepas (Lair:1)
  3 ogre magi
  7 boulder beetles
  An anaconda (shapeshifter) (Vaults:5)
  14 two-headed ogres
  2 peacekeepers
  5 merfolk aquamancers
  33 dancing weapons
  10 centaur warriors
  3 satyrs (Shoals:4)
  9 deep troll earth magi
  7 deep troll shamans
  14 tengu warriors
  2 radroaches
  The ghost of nroviw the Cleaver, a novice DsFi of Gozag (Lair:1)
  2 thrashing horrors (Lair:5)
  3 death yaks (Lair:5)
  Urug (Lair:1)
  3 vampire magi
  Sonja (Orc:1)
  4 spriggan berserkers
  12 hell knights
  12 deep elf knights
  2 iron trolls
  7 skeletal warriors
  2 glowing orange brains (Vaults:1)
  3 skysharks
  2 flayed ghosts
  6 pharaoh ants
  A sun moth (Spider:3)
  13 deep elf archers
  A deep troll (shapeshifter) (Depths:3)
  44 deep trolls
  16 sea snakes
  12 orb spiders
  An orange crystal statue (IceCv)
  11 ironbound convokers
  11 lindwurms
  10 wizards
  4 steelbarb worms
  27 harpies
  37 deep elf zephyrmancers
  4 necromancers
  18 wolf spiders
  2 wolf spiders (shapeshifter)
  34 deep elf pyromancers
  7 fauns
  A mana viper (shapeshifter) (Vaults:1)
  5 phantasmal warriors
  26 ugly things
  7 shining eyes
  4 orc sorcerers
  6 orc knights
  A cyclops (D:14)
  4 oklob plants (Lair:5)
  3 moths of wrath
  9 manticores
  15 elephants
  A guardian serpent (shapeshifter) (Vaults:1)
  A guardian serpent (D:12)
  3 black mambas
  3 merfolk sirens
  5 water nymphs
  23 vault sentinels
  A gargoyle (D:12)
  2 ice statues (Depths:2)
  3 eyes of devastation
  9 cane toads
  A cane toad (shapeshifter) (Elf:2)
  6 demonic crawlers
  An unseen horror (shapeshifter) (D:15)
  A rime drake (shapeshifter) (D:8)
  Maggie (D:7)
  3 kobold demonologists
  5 rime drakes
  5 storm dragon simulacra (IceCv)
  9 unseen horrors
  3 komodo dragons
  20 yaktaurs
  4 freezing wraiths
  An efreet (D:14)
  9 tengu conjurers
  6 golden dragon simulacra (IceCv)
  3 ancient zymes (Lair:5)
  The ghost of middlethird the Magician, a novice VSAE of Cheibriados (D:5)
  2 polar bears
  14 merfolk
  6 trolls
  A queen bee (shapeshifter) (Vaults:4)
  6 wind drakes
  10 hornets
  A blink frog (shapeshifter) (Vaults:5)
  4 large abominations
  A wind drake (shapeshifter) (Vaults:1)
  24 tarantellas
  Grinder (D:3)
  A dream sheep (shapeshifter) (Depths:1)
  24 blink frogs
  13 snapping turtles
  31 jumping spiders
  Sigmund (D:6)
  24 culicivoras
  An air elemental (Elf:2)
  18 water elementals
  119 slime creatures
  5 spriggans
  2 wyverns
  3 wraiths
  3 shadows (Gauntlet)
  A ynoxinul (Lair:5)
  5 basilisks (Lair:5)
  A fire bat (shapeshifter) (Vaults:5)
  A golden eye (shapeshifter) (Elf:1)
  27 yaks
  8 vampire mosquitoes
  10 golden eyes
  6 fire elementals
  3 chaos spawn
  A steam dragon (D:7)
  57 redbacks
  3 wargs
  3 swamp worms (Gauntlet)
  4 acid dragons
  Duvessa (D:6)
  17 water moccasins
  6 ice dragon simulacra (IceCv)
  40 orc warriors
  4 sky beasts
  3 black bears
  6 ice beasts
  A boggart (Vaults:1)
  A boggart (shapeshifter) (Vaults:1)
  16 wolves
  7 ogres
  15 centaurs
  A phantom (D:5)
  4 kobold brigands
  6 bullfrogs
  2 bullfrogs (shapeshifter) (Vaults:1)
  Blork the orc (D:6)
  A gnoll sergeant (D:6)
  2 scorpions (D:7)
  12 small abominations
  An earth elemental (Elf:2)
  5 wights
  Dowan (D:6)
  4 killer bees
  4 lindwurm simulacra (IceCv)
  6 howler monkeys
  6 electric eels
  A water moccasin simulacrum (Lair:1)
  A hound (shapeshifter) (Vaults:1)
  5 jellies
  Crazy Yiuf (D:2)
  8 orc priests
  3 gnoll boudas
  5 hounds
  4 iguanas
  A sleepcap (D:5)
  Terence (D:2)
  26 orc wizards
  3 hell rats (Lair:4)
  2 bullfrog simulacra (Lair:1)
  2 basilisk simulacra (Lair:1)
  17 gnolls
  5 adders
  An adder (shapeshifter) (Vaults:1)
  2 shadow imps
  2 white imps (D:7)
  2 ufetubi
  2 worms
  A dart slug (D:3)
  67 orcs
  11 endoplasms
  4 giant cockroaches (D:1)
  15 goblins
  18 hobgoblins
  4 jackals (D:1)
  5 quokkas
  3 ball pythons
  A bat (D:2)
  2 frilled lizards
  7 kobolds
  3 rats (D:2)
1983 creatures vanquished.

Vanquished Creatures (collateral kills)
  Dissolution (Slime:3)
  A caustic shrike (Depths:3)
  2 golden dragons (Depths:3)
  A deep elf master archer (Elf:3)
  3 deep elf blademasters
  3 acid blobs
  A tengu reaver (Depths:3)
  A shadow dragon (Depths:3)
  2 azure jellies
  2 fire giants
  A rockslime (Slime:5)
  2 frost giants
  2 vault wardens (Vaults:1)
  A deep elf sorcerer (Elf:3)
  A deep elf elementalist (Elf:3)
  2 quicksilver oozes
  A deep elf annihilator (Elf:3)
  A dire elephant (Vaults:2)
  Snorg (Orc:1)
  3 ettins
  A deep elf death mage (Elf:3)
  A merfolk impaler (Shoals:4)
  3 vault guards
  An ogre mage (D:14)
  A hydra (Lair:2)
  A centaur warrior (Vaults:1)
  2 boulder beetles
  2 ironbound frosthearts
  2 two-headed ogres (D:14)
  A dancing weapon (Elf:3)
  A deep elf knight (Elf:1)
  A hell knight (Depths:3)
  A skeletal warrior (D:12)
  A pharaoh ant (Spider:2)
  A deep troll (Vaults:4)
  A deep elf archer (Elf:3)
  2 harpies (Vaults:1)
  A deep elf pyromancer (Elf:3)
  2 ugly things
  3 deep elf zephyrmancers
  A cyclops (D:14)
  2 manticores
  A water nymph (Shoals:2)
  A cane toad (Lair:4)
  A yaktaur (Vaults:1)
  A gargoyle (D:12)
  2 komodo dragons
  2 polar bears (Lair:2)
  A tarantella (Spider:2)
  3 blink frogs (Lair:1)
  2 snapping turtles (Shoals:2)
  2 hornets
  A jumping spider (Spider:2)
  2 slime creatures
  A culicivora (Spider:4)
  A wraith (D:11)
  2 water elementals (Shoals:1)
  A ynoxinul (Lair:5)
  2 small abominations (Lair:5)
  A basilisk (D:14)
  2 vampire mosquitoes (D:10)
  A water moccasin (Lair:1)
  7 orc warriors
  An ogre (D:14)
  4 centaurs (Orc:2)
  A bullfrog (Lair:1)
  An orc priest (D:6)
  A sleepcap (D:4)
  2 hell rats (Lair:4)
  An adder (D:3)
  5 orcs
  An endoplasm (D:2)
  A spectral weapon (Elf:3)
119 creatures vanquished.

Vanquished Creatures (others)
  A lich (Depths:3)
  A vault guard (D:13)
  2 deep elf knights
  2 deep elf pyromancers (Elf:1)
  2 deep elf zephyrmancers
  An unseen horror (D:7)
  An orc wizard (D:15)
10 creatures vanquished.

Grand Total: 2112 creatures vanquished

Notes
Turn   | Place    | Note
-------+----------+-------------------------------------------
     0 | D:1      | DemonSlayer the Demonspawn Earth Elementalist began the
                  | quest for the Orb.
     0 | D:1      | Reached XP level 1. HP: 13/13 MP: 3/3
   285 | D:1      | Gained mutation: A weak demonic guardian rushes to your
                  | aid. [demonic ancestry]
   285 | D:1      | Reached XP level 2. HP: 19/19 MP: 3/5
   759 | D:1      | Learned a level 2 spell: Passwall
  1053 | D:2      | Noticed Terence
  1065 | D:2      | Killed Terence
  1066 | D:2      | Reached XP level 3. HP: 18/24 MP: 7/7
  1502 | D:2      | Found a runed translucent door.
  1503 | D:2      | Noticed Crazy Yiuf
  1558 | D:3      | Reached skill level 3 in Spellcasting
  1558 | D:3      | Gained mutation: You have large cloven feet. [demonic
                  | ancestry]
  1558 | D:3      | Reached XP level 4. HP: 31/31 MP: 3/8
  1685 | D:3      | Noticed Grinder
  1701 | D:3      | Killed Grinder
  1702 | D:3      | Reached skill level 1 in Short Blades
  1702 | D:3      | Gained mutation: A demonic guardian rushes to your aid.
                  | [demonic ancestry]
  1702 | D:3      | Reached XP level 5. HP: 10/36 MP: 0/10
  1761 | D:3      | Gained mutation: You have hoof-like feet. [demonic
                  | ancestry]
  1761 | D:3      | Reached XP level 6. HP: 29/42 MP: 5/11
  2599 | D:2      | Killed Crazy Yiuf
  2712 | D:4      | Reached skill level 4 in Spellcasting
  2833 | D:4      | Reached skill level 1 in Armour
  3057 | D:4      | Reached XP level 7. HP: 47/47 MP: 8/13
  3495 | D:4      | Found a staircase to the Ecumenical Temple.
  3578 | D:4      | Learned a level 3 spell: Stone Arrow
  3583 | D:4      | Learned a level 4 spell: Petrify
  3700 | D:5      | Entered Level 5 of the Dungeon
  3736 | D:4      | Reached skill level 1 in Fighting
  3736 | D:4      | Reached skill level 5 in Spellcasting
  4175 | D:4      | Identified a scroll of acquirement
  4175 | D:4      | Acquired the staff of fire "Izxa Cue" {Drain rF+ rC+ rCorr
                  | Dex+6}
  4647 | D:5      | Reached skill level 5 in Earth Magic
  4959 | D:5      | Noticed middlethird's ghost (novice VSAE)
  5003 | D:5      | Found a runed translucent gate.
  5003 | D:5      | Found a runed translucent gate.
  5003 | D:5      | Found a runed translucent gate.
  5052 | D:5      | Noticed a +0 dagger
  5052 | D:5      | Noticed a +0 dagger
  5055 | D:5      | Found a hide-covered altar of Uskayaw.
  5311 | D:6      | Gained mutation: You regenerate magic rapidly. [demonic
                  | ancestry]
  5311 | D:6      | Reached XP level 8. HP: 54/54 MP: 11/16
  5402 | D:6      | Found a blossoming altar of Fedhas.
  5512 | D:6      | Found a shimmering blue altar of Sif Muna.
  5573 | D:7      | Found Huonaos's Magic Scroll Shop.
  5597 | D:7      | Bought a scroll of fog for 44 gold pieces
  5597 | D:7      | Bought a scroll of blinking for 82 gold pieces
  5631 | D:7      | Identified the +3 leather armour "Yxotaova" {Fly Will+}
  5655 | D:7      | Reached skill level 6 in Spellcasting
  5760 | D:7      | Found Paeth's Book Emporium.
  5794 | D:7      | Noticed Maggie
  5897 | D:6      | Noticed Sigmund
  5905 | D:6      | Killed Sigmund
  5971 | D:6      | Reached skill level 7 in Spellcasting
  6066 | D:6      | Reached XP level 9. HP: 21/59 MP: 15/19
  6136 | D:6      | Noticed Duvessa
  6138 | D:6      | Noticed Dowan
  6146 | D:6      | Killed Duvessa
  6148 | D:6      | Killed Dowan
  6261 | D:6      | Got the Papyrus of Transformed Arson
  6262 | D:6      | Acquired the ring of the Tortoise {AC+8}
  6262 | D:6      | Found the ring of the Tortoise {AC+8}
  6359 | D:6      | Got Sif Muna's Essays on Fire
  6361 | D:6      | Got Sif Muna's Secrets of Alteration
  6564 | D:6      | Noticed Blork the orc
  6572 | D:6      | Killed Blork the orc
  6632 | D:6      | Learned a level 5 spell: Fireball
  6726 | D:5      | Killed middlethird's ghost
  6727 | D:5      | Reached skill level 8 in Spellcasting
  6727 | D:5      | Reached skill level 1 in Transmutations
  6907 | D:7      | Noticed a cyan ugly thing
  6908 | D:7      | Noticed a boulder beetle
  6910 | D:7      | Noticed a two-headed ogre
  6920 | D:7      | Noticed a manticore
  6956 | D:7      | Killed a brown ugly thing
  7121 | D:7      | Killed Maggie
  7122 | D:7      | Reached skill level 1 in Shields
  7122 | D:7      | Reached skill level 1 in Conjurations
  7122 | D:7      | Gained mutation: When hurt, damage is shared between your
                  | health and your magic reserves. [demonic ancestry]
  7122 | D:7      | Reached XP level 10. HP: 61/66 MP: 1/22
  7260 | D:7      | Reached skill level 1 in Staves
  7413 | D:7      | Killed a manticore
  7414 | D:7      | Reached skill level 9 in Spellcasting
  7604 | D:7      | Killed a two-headed ogre
  7726 | D:7      | Found Cifanu's Magic Scroll Shop.
  7769 | D:7      | Bought a scroll of teleportation for 36 gold pieces
  7769 | D:7      | Bought a scroll of blinking for 90 gold pieces
  7769 | D:7      | Bought a scroll of teleportation for 36 gold pieces
  7926 | D:7      | Killed a boulder beetle
  8080 | D:7      | Noticed a manticore
  8081 | D:7      | Noticed a two-headed ogre
  8081 | D:7      | Noticed a deep elf pyromancer
  8086 | D:7      | Killed a deep elf pyromancer
  8092 | D:7      | Killed a two-headed ogre
  8093 | D:7      | Reached skill level 5 in Armour
  8097 | D:7      | Killed a manticore
  8098 | D:7      | Gained mutation: You are partially covered in razor-sharp
                  | scales. (AC +1, Slay +1) [demonic ancestry]
  8098 | D:7      | Reached XP level 11. HP: 54/72 MP: 3/24
  8580 | Temple   | Entered the Ecumenical Temple
  9378 | D:8      | Noticed a two-headed ogre
  9387 | D:8      | Killed a two-headed ogre
  9399 | D:8      | Reached skill level 10 in Spellcasting
  9637 | D:8      | Found a flagged portal.
  9647 | Bailey   | Entered a bailey
 10034 | Bailey   | Noticed an orc warlord
 10042 | Bailey   | Killed an orc warlord
 10096 | Bailey   | Identified the ring "Wotiji" {rC+ rN+ Will+ Int-4}
 10321 | Bailey   | Identified the staff of fire "Picoxeh" {rF+ rN+ Dex+2
                  | Stlth+}
 10323 | Bailey   | Acquired the +4 kite shield "Wiphedoefo" {rN+ Will+ SInv}
 10456 | D:8      | Reached skill level 5 in Conjurations
 10669 | D:9      | Found Emuebini's Armour Emporium.
 10669 | D:9      | Found a staircase to the Orcish Mines.
 10748 | D:9      | Found Iratiwk's Weapon Emporium.
 10896 | D:9      | Identified the +1 hand axe "Ruap" {heavy, rF+}
 11330 | D:9      | Found a transporter.
 11331 | D:9      | Found a transporter.
 11335 | D:9      | Noticed a boulder beetle
 11770 | D:10     | Entered Level 10 of the Dungeon
 12158 | D:10     | Found a shadowy altar of Dithmenos.
 12182 | D:10     | Became a worshipper of Dithmenos the Shadowed
 12659 | D:11     | Gained mutation: A powerful demonic guardian rushes to your
                  | aid. [demonic ancestry]
 12659 | D:11     | Reached XP level 12. HP: 66/81 MP: 10/26
 12750 | D:11     | Noticed a two-headed ogre
 12757 | D:11     | Killed a two-headed ogre
 13019 | D:11     | Noticed a boulder beetle
 13036 | D:11     | Killed a boulder beetle
 13290 | D:11     | Found a staircase to the Lair.
 13306 | D:11     | Noticed a centaur warrior
 13322 | D:11     | Killed a centaur warrior
 13382 | D:11     | Noticed a two-headed ogre
 13403 | D:11     | Killed a two-headed ogre
 13702 | D:11     | Learned a level 4 spell: Cause Fear
 13763 | Lair:1   | Entered Level 1 of the Lair of Beasts
 13878 | Lair:1   | Noticed a catoblepas
 13906 | Lair:1   | Killed a catoblepas
 13907 | Lair:1   | Reached skill level 11 in Spellcasting
 13907 | Lair:1   | Reached skill level 10 in Earth Magic
 13960 | Lair:1   | Reached * piety under Dithmenos
 13979 | Lair:1   | Reached skill level 5 in Shields
 13980 | Lair:1   | Reached skill level 5 in Dodging
 14129 | Lair:1   | Noticed Urug
 14183 | Lair:1   | Killed Urug
 14383 | Lair:1   | Found a runed translucent gate.
 14383 | Lair:1   | Found a runed translucent gate.
 14383 | Lair:1   | Found a runed translucent gate.
 14988 | Lair:1   | Noticed nroviw's ghost (novice DsFi)
 15359 | Lair:1   | Killed nroviw's ghost
 15981 | Lair:2   | Reached ** piety under Dithmenos
 16303 | Lair:2   | Reached XP level 13. HP: 45/88 MP: 2/28
 16478 | Lair:2   | Found a staircase to the Shoals.
 17565 | D:3      | You fall into a shaft and drop 1 floor!
 20064 | D:12     | Reached *** piety under Dithmenos
 20065 | D:12     | Reached skill level 1 in Throwing
 20065 | D:12     | Reached skill level 12 in Spellcasting
 20161 | D:12     | Reached skill level 1 in Evocations
 20532 | D:13     | Found a gate to the Vaults.
 21044 | D:13     | Gained mutation: You have hooves in place of feet. [demonic
                  | ancestry]
 21044 | D:13     | Reached XP level 14. HP: 96/96 MP: 7/30
 21615 | D:14     | Identified the +6 shortbow of Doom {flame, Contam MP+9
                  | Int+2}
 21907 | D:14     | Reached **** piety under Dithmenos
 22044 | D:14     | Noticed Louise
 22066 | D:14     | Killed Louise
 22847 | D:15     | Entered Level 15 of the Dungeon
 23014 | D:15     | Reached skill level 13 in Spellcasting
 23283 | D:15     | Found a staircase to the Depths.
 23456 | D:15     | Identified the +1 cloak of the Hidden Vale {rF+ Stlth+}
 23717 | D:15     | Found a snail-covered altar of Cheibriados.
 23892 | D:15     | Found Votyj's Distillery.
 23896 | D:15     | Bought a potion of heal wounds for 80 gold pieces
 25019 | Lair:3   | Reached XP level 15. HP: 63/102 MP: 1/32
 25128 | Lair:3   | Found a hole to the Spider Nest.
 25842 | Lair:4   | Found a gate leading to a gauntlet.
 25851 | Gauntlet | Entered a Gauntlet
 25851 | Gauntlet | Found a transporter.
 25851 | Gauntlet | Found a transporter.
 25913 | Gauntlet | Found a transporter.
 25917 | Gauntlet | Found a transporter.
 25924 | Gauntlet | Found a transporter.
 25927 | Gauntlet | Found a transporter.
 25935 | Gauntlet | Found a transporter.
 25953 | Gauntlet | Found a transporter.
 25971 | Gauntlet | Found a transporter.
 25974 | Gauntlet | Found a transporter.
 25986 | Gauntlet | Found a transporter.
 25987 | Gauntlet | Found a transporter.
 27406 | Lair:5   | Entered Level 5 of the Lair of Beasts
 28009 | Lair:5   | Identified the ring "Doexysh" {rC- MP+9 AC+4 Int+2}
 28270 | Lair:5   | Reached ***** piety under Dithmenos
 28326 | Lair:5   | Reached skill level 5 in Fighting
 28549 | Lair:5   | Reached skill level 5 in Staves
 28629 | Lair:5   | Reached skill level 10 in Conjurations
 29022 | Orc:1    | Entered Level 1 of the Orcish Mines
 29022 | Orc:1    | Noticed Fannar
 29030 | D:9      | Killed Fannar
 29590 | Orc:1    | Noticed Sonja
 29594 | Orc:1    | Noticed Snorg
 29597 | Orc:1    | Killed Sonja
 29614 | Orc:1    | Killed Snorg
 29926 | Orc:2    | Entered Level 2 of the Orcish Mines
 30245 | Lair:5   | Reached skill level 14 in Spellcasting
 30255 | Lair:5   | Noticed a shadow dragon
 30257 | Lair:5   | a shadow dragon changed into a frost giant
 30257 | Lair:5   | Noticed a frost giant (shapeshifter)
 30364 | Lair:4   | Killed a frost giant
 30737 | Lair:5   | Found a staircase to the Slime Pits.
 30744 | Lair:5   | Reached skill level 10 in Shields
 31760 | Lair:5   | Found a corrupted altar of Lugonu.
 31761 | Lair:5   | Found a one-way gate to the infinite horrors of the Abyss.
 32077 | Orc:2    | Found a staircase to the Elven Halls.
 32095 | Orc:2    | Reached ****** piety under Dithmenos
 32192 | Orc:2    | Gained mutation: You are mostly covered in razor-sharp
                  | scales. (AC +2, Slay +2) [demonic ancestry]
 32192 | Orc:2    | Reached XP level 16. HP: 109/109 MP: 34/34
 32857 | Orc:2    | Found Garchups's Armour Shoppe.
 32857 | Orc:2    | Found Goklethrouh's Armour Boutique.
 32859 | Orc:2    | Found Zeox's Distillery.
 32861 | Orc:2    | Found Harom's Jewellery Emporium.
 32866 | Orc:2    | Bought the +2 hat of the Bear Spirit {Spirit, Bear, *Rage
                  | Will++} for 523 gold pieces
 32866 | Orc:2    | Found the +2 hat of the Bear Spirit {Spirit, Bear, *Rage
                  | Will++}
 32879 | Orc:2    | Bought a potion of haste for 160 gold pieces
 32879 | Orc:2    | Bought 2 potions of heal wounds for 160 gold pieces
 32884 | Orc:2    | Bought the amulet "Hosypt" {RegenMP Drain rElec rPois
                  | Dex+6} for 772 gold pieces
 33383 | Shoals:1 | Entered Level 1 of the Shoals
 33736 | Shoals:1 | Found Butoi's Antique Weapon Shop.
 34214 | Spider:1 | Entered Level 1 of the Spider Nest
 34569 | Spider:1 | Noticed Roxanne
 34585 | Spider:1 | Killed Roxanne
 34768 | Spider:1 | Got the Papyrus of Therianthropy
 36080 | Shoals:2 | Reached skill level 15 in Spellcasting
 37233 | Spider:2 | Gained mutation: You are completely covered in razor-sharp
                  | scales. (AC +3, Slay +3) [demonic ancestry]
 37233 | Spider:2 | Reached XP level 17. HP: 115/115 MP: 36/36
 37730 | Spider:3 | Found a frozen archway.
 37738 | IceCv    | Entered an ice cave
 38558 | IceCv    | Identified the amulet of Cotel {Spirit rElec Dex+4}
 40810 | Shoals:3 | Learned a level 2 spell: Blink
 40814 | Shoals:3 | Learned a level 3 spell: Ignite Poison
 40832 | Shoals:4 | Entered Level 4 of the Shoals
 40861 | Shoals:4 | Reached skill level 16 in Spellcasting
 41111 | Shoals:4 | Identified the +1 great sword of Eternal Night {drain,
                  | rElec Dex+3}
 41140 | Shoals:4 | Acquired 530 gold pieces
 41167 | Shoals:4 | Noticed Donald
 41186 | Shoals:4 | Killed Donald
 41196 | Shoals:4 | Noticed Mara
 41299 | Shoals:4 | Noticed DemonSlayer's illusion
 41683 | Shoals:4 | Noticed DemonSlayer's illusion
 41699 | Shoals:4 | Noticed DemonSlayer's illusion
 41705 | Shoals:4 | Killed Mara
 41706 | Shoals:4 | Gained mutation: You are robust. (+10% HP) [demonic
                  | ancestry]
 41706 | Shoals:4 | Reached XP level 18. HP: 74/133 MP: 4/38
 42014 | Shoals:4 | Got a barnacled rune of Zot
 42556 | Spider:4 | Entered Level 4 of the Spider Nest
 42826 | Spider:4 | Reached skill level 15 in Earth Magic
 42854 | Spider:4 | Noticed Nikola
 42871 | Spider:4 | Killed Nikola
 42872 | Spider:4 | Reached skill level 5 in Stealth
 43747 | Spider:4 | Got a gossamer rune of Zot
 44083 | Elf:1    | Entered Level 1 of the Elven Halls
 44083 | Elf:1    | Found a runed translucent gate.
 44083 | Elf:1    | Found a runed translucent gate.
 44083 | Elf:1    | Found a runed translucent gate.
 44083 | Elf:1    | Found a runed translucent gate.
 44083 | Elf:1    | Found a runed translucent gate.
 44083 | Elf:1    | Found a runed translucent gate.
 44084 | Elf:1    | Found a runed translucent door.
 44140 | Elf:1    | Found a runed translucent door.
 44427 | Elf:1    | Found Abiseu's General Store.
 44428 | Elf:1    | Found Uppah's Specific Store.
 44664 | Elf:1    | Reached skill level 17 in Spellcasting
 44789 | Elf:1    | Identified the +6 ring mail of Hepliaklqana's Outrage
                  | {Drain rElec rC+++ Dex-4}
 44951 | Elf:1    | Found Lylepn's Magic Scroll Shop.
 45029 | Elf:1    | Identified the +5 glaive of Malaise {protect, Contam rElec
                  | rF+ Str+2}
 45958 | Elf:2    | Reached XP level 19. HP: 139/139 MP: 40/40
 45993 | Elf:2    | Found a runed translucent gate.
 45993 | Elf:2    | Found a runed translucent gate.
 45993 | Elf:2    | Found a runed translucent gate.
 46987 | Elf:2    | Learned a level 5 spell: Borgnjor's Vile Clutch
 47109 | Elf:3    | Entered Level 3 of the Elven Halls
 47175 | Elf:3    | Found Gufuwama's Magic Scroll Shop.
 47177 | Elf:3    | Found Raathre's Jewellery Boutique.
 47183 | Elf:3    | Found Plog's Armour Shop.
 47186 | Elf:3    | Bought a scroll of acquirement for 728 gold pieces
 47186 | Elf:3    | Bought a scroll of teleportation for 42 gold pieces
 47186 | Elf:3    | Bought a scroll of blinking for 105 gold pieces
 47186 | Elf:3    | Acquired 329 gold pieces
 47190 | Elf:3    | Bought the ring "Zijoas" {Fly rF+++ Will+ rCorr Str-3} for
                  | 966 gold pieces
 47193 | Elf:3    | Bought the +3 pair of gauntlets of War {Slay+5} for 665
                  | gold pieces
 47193 | Elf:3    | Found the +3 pair of gauntlets of War {Slay+5}
 47436 | Elf:3    | Found a runed translucent gate.
 47437 | Elf:3    | Found a runed translucent gate.
 47437 | Elf:3    | Found a runed translucent gate.
 47727 | Elf:3    | Identified the +10 dagger of Mana {spect, rPois Str+2
                  | Int+2}
 47845 | Elf:3    | Identified the +0 plate armour of Pantheism {Str+5}
 47942 | Elf:3    | Identified the amulet "Verphudu" {Acrobat Dex+2}
 47945 | Elf:3    | Identified the amulet of Midnight {Regen+ Dex+3}
 47945 | Elf:3    | Identified the +0 scale mail "Irghurina" {rElec rC+ Dex-4}
 48149 | Elf:3    | Identified the staff of cold "Qamm" {rC+ Will++ Dex+6}
 48155 | Elf:3    | Identified the staff of poison "Hirit" {rPois Str+4 Int+3}
 48159 | Elf:3    | Identified the +2 long sword of Molug {venom, Dex+4}
 48160 | Elf:3    | Identified the staff of poison "Ighamat" {rElec rPois rF+}
 48165 | Elf:3    | Identified the staff of poison "Xuavyt" {Drain +Blink rPois
                  | rCorr Int+5}
 48187 | Elf:3    | Reached skill level 15 in Conjurations
 48187 | Elf:3    | Reached XP level 20. HP: 148/148 MP: 41/41
 49199 | Slime:1  | Entered Level 1 of the Pits of Slime
 49206 | Slime:1  | Reached skill level 10 in Dodging
 49426 | Slime:1  | Reached skill level 18 in Spellcasting
 49738 | Slime:2  | HP: 5/148 [acid (3)]
 49738 | Slime:2  | HP: 2/148 [quicksilver ooze (3)]
 50484 | Vaults:1 | Entered Level 1 of the Vaults
 50591 | Vaults:1 | Reached XP level 21. HP: 139/155 MP: 16/43
 51817 | Vaults:1 | Found a runed translucent gate.
 51817 | Vaults:1 | Found a runed translucent gate.
 51817 | Vaults:1 | Found a runed translucent gate.
 51824 | Vaults:1 | Found Voahinao's Distillery.
 51830 | Vaults:1 | Bought a potion of magic for 136 gold pieces
 51830 | Vaults:1 | Bought a potion of mutation for 136 gold pieces
 51830 | Vaults:1 | Bought a potion of cancellation for 136 gold pieces
 51830 | Vaults:1 | Bought a potion of haste for 170 gold pieces
 53079 | Vaults:1 | Found a runed translucent gate.
 53079 | Vaults:1 | Found a runed translucent gate.
 53083 | Vaults:1 | Found a runed translucent gate.
 53094 | Vaults:1 | Noticed Pail's ghost (adept VSVM)
 53227 | Vaults:1 | Identified the +0 pair of boots "Roavvogi" {rPois}
 53237 | Vaults:1 | Gained mutation: You do not regenerate when monsters are
                  | visible. [mutagenic glow]
 53247 | Vaults:1 | Lost mutation: You do not regenerate when monsters are
                  | visible. [potion of mutation]
 53247 | Vaults:1 | Gained mutation: You are weak. (Str -2) [potion of
                  | mutation]
 53248 | Vaults:1 | Lost mutation: You are weak. (Str -2) [potion of mutation]
 53248 | Vaults:1 | Gained mutation: You occasionally lose the ability to drink
                  | potions when taking damage. [potion of mutation]
 53248 | Vaults:1 | Gained mutation: You passively map a small area around you.
                  | [potion of mutation]
 53249 | Vaults:1 | Lost mutation: You occasionally lose the ability to drink
                  | potions when taking damage. [potion of mutation]
 53249 | Vaults:1 | Lost mutation: You passively map a small area around you.
                  | [potion of mutation]
 53249 | Vaults:1 | Gained mutation: You are occasionally teleported next to
                  | monsters. [potion of mutation]
 53249 | Vaults:1 | Gained mutation: You are clumsy. (Dex -2) [potion of
                  | mutation]
 53250 | Vaults:1 | Lost mutation: You are clumsy. (Dex -2) [potion of
                  | mutation]
 53250 | Vaults:1 | Lost mutation: You are occasionally teleported next to
                  | monsters. [potion of mutation]
 53250 | Vaults:1 | Gained mutation: You expend magic power (3 MP) to
                  | strengthen your wands. [potion of mutation]
 53250 | Vaults:1 | Gained mutation: You are partially covered in large bone
                  | plates. (SH +4) [potion of mutation]
 53254 | Vaults:1 | Gained mutation: Armour fits poorly on your strangely
                  | shaped body. [mutagenic glow]
 53268 | Vaults:1 | Gained mutation: You are clumsy. (Dex -2) [mutagenic glow]
 53283 | Vaults:1 | Gained mutation: Your magical capacity is low. (-10% MP)
                  | [mutagenic glow]
 53288 | Vaults:1 | an iron dragon changed into a caustic shrike
 53288 | Vaults:1 | Noticed a caustic shrike (glowing shapeshifter)
 53293 | Vaults:1 | Killed Pail's ghost
 53293 | Vaults:1 | Gained mutation: You are very clumsy. (Dex -4) [mutagenic
                  | glow]
 53297 | Vaults:1 | a caustic shrike changed into a golden dragon
 53297 | Vaults:1 | Noticed a golden dragon (glowing shapeshifter)
 53300 | Vaults:1 | a golden dragon changed into a shadow dragon
 53425 | Vaults:2 | Found Meuroeb's Jewellery Boutique.
 53443 | Vaults:2 | Found Arphaet's Weapon Shop.
 53469 | Vaults:2 | Identified the +9 triple crossbow "Riumizxo" {penet, Str+3
                  | Int+3 Stlth-}
 53754 | Vaults:2 | Lost mutation: You expend magic power (3 MP) to strengthen
                  | your wands. [potion of mutation]
 53754 | Vaults:2 | Lost mutation: You are partially covered in large bone
                  | plates. (SH +4) [potion of mutation]
 53754 | Vaults:2 | Lost mutation: You are very clumsy. (Dex -4) [potion of
                  | mutation]
 53754 | Vaults:2 | Gained mutation: Your muscles are strong. (Str +4, Int/Dex
                  | -1) [potion of mutation]
 53754 | Vaults:2 | Gained mutation: Your movements are slightly less
                  | encumbered by armour. (ER -2) [potion of mutation]
 53754 | Vaults:2 | Gained mutation: You are resistant to electric shocks.
                  | (rElec) [potion of mutation]
 54042 | Vaults:2 | Identified the +4 long sword "Raeghil" {spect, Int+2 Dex+2}
 54226 | Vaults:2 | Found Seifo's Book Shoppe.
 54310 | Vaults:2 | Identified the +1 scale mail of Agonkel {Int+2}
 54682 | Vaults:2 | Found Qont's Jewellery Emporium.
 55545 | Vaults:3 | Gained mutation: When low on magic, you restore magic in
                  | place of health. [demonic ancestry]
 55545 | Vaults:3 | Reached XP level 22. HP: 163/163 MP: 24/40
 55550 | Vaults:3 | Reached skill level 19 in Spellcasting
 56139 | Vaults:3 | Lost mutation: Your magical capacity is low. (-10% MP)
                  | [potion of mutation]
 56139 | Vaults:3 | Lost mutation: Armour fits poorly on your strangely shaped
                  | body. [potion of mutation]
 56139 | Vaults:3 | Gained mutation: You occasionally lose the ability to read
                  | scrolls when taking damage. [potion of mutation]
 56139 | Vaults:3 | Gained mutation: You expend magic power (3 MP) to
                  | strengthen your wands. [potion of mutation]
 56371 | Vaults:3 | Found a staircase to the Crypt.
 56371 | Vaults:3 | Found a basalt altar of Yredelemnul.
 56371 | Vaults:3 | Found an ancient bone altar of Kikubaaqudgha.
 56914 | Vaults:3 | Learned a level 4 spell: Dispel Undead
 57899 | D:7      | Bought a scroll of poison for 44 gold pieces
 57899 | D:7      | Bought a scroll of poison for 44 gold pieces
 60092 | Vaults:5 | Entered Level 5 of the Vaults
 60093 | Vaults:5 | Noticed a dread lich
 60166 | Vaults:5 | Noticed an ancient lich
 60178 | Vaults:5 | Killed an ancient lich
 60701 | Vaults:5 | Identified the +4 hand axe "Sihium" {vamp, rF+ MP+9 Dex+5}
 60711 | Vaults:5 | Identified the staff of death "Sanwywer" {+Blink rC+ rN+
                  | Str-2 Stlth+}
 60713 | Vaults:5 | Identified the +6 chain mail of Dyspraxia {*Slow +Blink
                  | +Inv Dex+3}
 61366 | Depths:1 | Entered Level 1 of the Depths
 61893 | Depths:1 | Found a gateway to Hell.
 62455 | Depths:1 | Reached skill level 15 in Shields
 62602 | Depths:1 | Reached XP level 23. HP: 161/169 MP: 43/46
 62658 | Depths:1 | Found a stormy altar of Qazlal.
 63720 | Depths:2 | Found Kocaal's Antique Weapon Boutique.
 64028 | Depths:2 | Found a one-way gate leading to the halls of Pandemonium.
 64158 | Depths:2 | Reached skill level 20 in Spellcasting
 64516 | Depths:2 | Noticed a dread lich
 64681 | Depths:2 | Killed a dread lich
 65615 | Depths:3 | Lost mutation: You are resistant to electric shocks.
                  | (rElec) [potion of mutation]
 65615 | Depths:3 | Lost mutation: Your movements are slightly less encumbered
                  | by armour. (ER -2) [potion of mutation]
 65615 | Depths:3 | Gained mutation: You are very robust. (+20% HP) [potion of
                  | mutation]
 65615 | Depths:3 | Gained mutation: You are strong-willed. (Will+) [potion of
                  | mutation]
 65616 | Depths:3 | Lost mutation: You expend magic power (3 MP) to strengthen
                  | your wands. [potion of mutation]
 65616 | Depths:3 | Lost mutation: You are very robust. (+20% HP) [potion of
                  | mutation]
 65616 | Depths:3 | Gained mutation: You have a pair of small horns on your
                  | head. [potion of mutation]
 65616 | Depths:3 | Gained mutation: You have hidden genetic potential. [potion
                  | of mutation]
 65617 | Depths:3 | Lost mutation: You are clumsy. (Dex -2) [potion of
                  | mutation]
 65617 | Depths:3 | Lost mutation: You occasionally lose the ability to read
                  | scrolls when taking damage. [potion of mutation]
 65617 | Depths:3 | Gained mutation: Your movements are slightly less
                  | encumbered by armour. (ER -2) [potion of mutation]
 66332 | Depths:3 | Noticed Saint Roka
 66361 | Depths:3 | Killed Saint Roka
 66497 | Depths:3 | Identified the +0 quarterstaff of Foul Odours {freeze,
                  | Dex+2}
 66898 | Depths:3 | Identified the +7 mace of Mandamus {venom, rC+ Str-5 Dex+2
                  | SInv}
 66898 | Depths:3 | Identified the orb "Amaado" {*Rage, rPois Will- rCorr}
 67849 | Depths:3 | Gained mutation: You are very robust. (+20% HP) [demonic
                  | ancestry]
 67849 | Depths:3 | Reached XP level 24. HP: 142/188 MP: 30/47
 68141 | Depths:3 | Got Backirph's Omnibus of the Quarry
 68142 | Depths:3 | Identified the +8 longbow of Unreason {heavy, *Slow rF++
                  | rCorr Dex+3}
 68214 | Depths:3 | Reached skill level 21 in Spellcasting
 68256 | Depths:3 | Learned a level 8 spell: Lehudib's Crystal Spear
 68661 | Depths:4 | Entered Level 4 of the Depths
 68730 | Depths:4 | Acquired 1080 gold pieces
 69394 | Depths:4 | Gained mutation: You have a pair of horns on your head.
                  | [hidden potential]
 69416 | Depths:4 | Identified the orb of Ument {light, Contam rF+ Dex+6}
 69609 | Depths:4 | Found a gate to the Realm of Zot.
 69751 | Depths:4 | Found a one-way gateway to a ziggurat.
 70981 | Vaults:4 | Killed a dread lich
 73245 | Vaults:5 | Lost mutation: Your muscles are strong. (Str +4, Int/Dex
                  | -1) [mutagenic glow]
 73896 | Vaults:5 | Got The Words of Power, Part Two
 73907 | Vaults:5 | Got a silver rune of Zot
 73979 | Vaults:5 | Noticed a dread lich
 73989 | Vaults:5 | Killed a dread lich
 74068 | Vaults:5 | Reached XP level 25. HP: 194/201 MP: 31/48
 74091 | Vaults:5 | Identified the +0 pair of gloves of Ugeniro {rPois rF+ rN+
                  | SInv}
 74355 | Vaults:5 | Identified the staff of air "Joffo" {rElec rPois}
 74360 | Vaults:5 | Identified the +1 robe of the Fiddle {rC+ rCorr Int-2}
 74364 | Vaults:5 | Identified the +2 whip of Valiance {flame, Stlth+}
 75925 | Slime:2  | Reached skill level 22 in Spellcasting
 76575 | Zot:1    | Entered Level 1 of the Realm of Zot
 77704 | Slime:3  | Gained mutation: You occasionally shout uncontrollably at
                  | your foes. [a shining eye]
 77823 | Slime:3  | Noticed Dissolution
 77831 | Slime:3  | Paralysed by a floating eye for 4 turns
 77834 | Slime:3  | Gained mutation: Your magical capacity is low. (-10% MP) [a
                  | shining eye]
 77838 | Slime:3  | Gained mutation: You occasionally lose the ability to drink
                  | potions when taking damage. [a shining eye]
 77838 | Slime:3  | Killed Dissolution
 77842 | Slime:3  | Lost mutation: You occasionally shout uncontrollably at
                  | your foes. [potion of mutation]
 77842 | Slime:3  | Lost mutation: You have a pair of horns on your head.
                  | [potion of mutation]
 77842 | Slime:3  | Lost mutation: You have hidden genetic potential. [potion
                  | of mutation]
 77842 | Slime:3  | Gained mutation: You passively map a small area around you.
                  | [potion of mutation]
 78075 | Slime:3  | Lost mutation: Your movements are slightly less encumbered
                  | by armour. (ER -2) [potion of mutation]
 78075 | Slime:3  | Lost mutation: You occasionally lose the ability to drink
                  | potions when taking damage. [potion of mutation]
 78075 | Slime:3  | Gained mutation: You have hidden genetic potential. [potion
                  | of mutation]
 78075 | Slime:3  | Gained mutation: You possess an exceptional clarity of
                  | mind. [potion of mutation]
 78401 | Slime:3  | Lost mutation: You passively map a small area around you.
                  | [potion of mutation]
 78401 | Slime:3  | Lost mutation: Your magical capacity is low. (-10% MP)
                  | [potion of mutation]
 78401 | Slime:3  | Lost mutation: You are strong-willed. (Will+) [potion of
                  | mutation]
 78401 | Slime:3  | Gained mutation: Your muscles are strong. (Str +4, Int/Dex
                  | -1) [potion of mutation]
 78401 | Slime:3  | Gained mutation: You expend magic power (3 MP) to
                  | strengthen your wands. [potion of mutation]
 78627 | Slime:5  | Entered Level 5 of the Pits of Slime
 79424 | Slime:5  | Noticed the Royal Jelly
 79425 | Slime:5  | Found a viscous altar of Jiyva.
 80061 | Slime:5  | Found the +2 Maxwell's thermic engine {flame, freeze, rev}
 80392 | Slime:4  | HP: 5/201 [acid blob[the Royal Jelly] (15)]
 80392 | Slime:4  | HP: 1/201 [acid[the Royal Jelly] (4)]
 80398 | Slime:4  | HP: 4/201 [quicksilver ooze[the Royal Jelly] (4)]
 80404 | Slime:3  | HP: 10/201 [acid blob/splash of acid[the Royal Jelly] (6)]
 80405 | Slime:3  | HP: 3/201 [acid[the Royal Jelly] (2)]
 82199 | Slime:5  | Demolished by a rockslime

Illustrated notes

Levels and vault maps discovered:
D:1:      dpeg_arrival_tiny_j, layout_loops_ring
D:2:      layout_loops_cross, uniq_terence, uniq_crazy_yiuf_cottage
D:3:      layout_rooms, hangedman_decor_opposing, uniq_grinder
D:4:      layout_rooms, kennysheep_mini, minmay_temple_entry_poolview,
          minmay_fountain_box, minmay_stone_trees_small,
          chequers_serial_rivers_large_a, kennysheep_cross_room
D:5:      layout_rooms, dancing_weapons_uskayaw, gammafunk_ghost_split
D:6:      layout_gridville, mainiacjoe_overflow_surrounded_room,
          nicolae_sif_muna_little_library, kennysheep_little_box,
          nicolae_grassy_gnolls, uniq_sigmund, uniq_blork_the_orc, uniq_duvessa
D:7:      nzn_winding_woodlands_large [nzn_winding_woodlands_5x5_perimeter,
          nzn_winding_woodlands_5x15_parted,
          nzn_winding_woodlands_5x5_checkerboard,
          nzn_winding_woodlands_center_triple_pond,
          nzn_winding_woodlands_15x15_killbox,
          nzn_winding_woodlands_center_diamonds,
          nzn_winding_woodlands_5x5_three, nzn_winding_woodlands_5x15_crooked,
          nzn_winding_woodlands_5x5_open_star], layout_basic, serial_shops,
          shop_fountains, nicolae_shop_hallway_plus, nicolae_book_shop_shelving,
          uniq_maggie
D:8:      nicolae_hitomezashi [nicolae_hito_row, nicolae_hito_row,
          nicolae_hito_row, nicolae_hito_row, nicolae_hito_row,
          nicolae_hito_row, nicolae_hito_row, nicolae_hito_row,
          nicolae_hito_row, nicolae_hito_row, nicolae_hito_row,
          nicolae_hito_row, nicolae_hito_row, nicolae_hito_row,
          nicolae_hito_row, nicolae_hito_row, nicolae_hito_row,
          nicolae_hito_row], layout_basic, enter_bailey_2, kennysheep_dice
D:9:      gammafunk_boulding_lane, layout_stronghold, orc_david_3
D:10:     layout_basic, grunt_dithmenos_smoke_and_mirrors
D:11:     layout_loops_ring, lair_entry_dummy, minmay_diced_spiral
D:12:     layout_big_octagon, nrook_guardian_serpent_double
D:13:     layout_small_grid, erik_vaults_2, grunt_ministairs_1
D:14:     layout_loops_ring, nrook_uturn, uniq_louise
D:15:     grunt_enter_depths_hoard, layout_loops_ring, serial_bayou_pond_d,
          serial_shops, nicolae_shop_back_alley_shop, cheibrodos_worm_habitat
Temple:   compressed_dpeg_triangle_lava_temple
Lair:1:   layout_layer_cave, gammafunk_ghost_icy, uniq_urug
Lair:2:   cheibrodos_lair_river_kwai, layout_misc_corridors,
          elwin_shoals_entry_rocks, serial_bayou, serial_bayou_lagoon_a,
          serial_bayou_pond_c, serial_bayou_lagoon_b, serial_bayou_shore_b,
          gammafunk_lair_bear_cave
Lair:3:   layout_chaotic_city, spider_nest_entry_rubble, serial_rivers,
          chequers_serial_rivers_room_a, chequers_serial_rivers_micro_e,
          chequers_serial_rivers_large_b, chequers_serial_rivers_micro_c
Lair:4:   layout_gridlike, gauntlet_entry_generic, infiniplex_staircase_pool_2
Lair:5:   hellmonk_lair_end_abyssal_woods, layout_gridlike,
          minmay_slime_entry_oklob_enclosed, nicolae_lair_lil_pond,
          grunt_megastairs_5
Shoals:1: layout_shoals, serial_shops, nicolae_shop_tiny_statue_garden
Shoals:2: layout_shoals
Shoals:3: layout_shoals
Shoals:4: shoals_end_grunt_garden, layout_shoals, uniq_donald, uniq_mara
Spider:1: layout_spider_delve, drop_trap, hellmonk_narrow_tunnel, uniq_roxanne
Spider:2: layout_spider_delve
Spider:3: layout_cave_pods, portal_ice_cave_entry_pillars_four
Spider:4: spider_rune_water, spiders_nest_the_unseen, uniq_nikola
Slime:1:  layout_caves
Slime:2:  layout_caves
Slime:3:  cheibrodos_slime_lost_civilization_1, layout_caves, uniq_dissolution
Slime:4:  layout_caves
Slime:5
Orc:1:    layout_caves, uniq_sonja, uniq_snorg, uniq_fannar
Orc:2:    st_orc_rangers, layout_diamond_mine, basic_altar, elves_outpost_lemuel
Elf:1:    nicolae_elf_arrival_dilemma, layout_loops_cross, serial_shops,
          nicolae_take_the_stairs, hangedman_elven_crosses_minicolossus,
          nicolae_specific_store
Elf:2:    nicolae_elf_blades_splatter_lattice
          [nicolae_blade_entry_hurt_lockers], layout_rooms, billiards_dpeg
Elf:3:    minmay_elf_hall_statues, layout_loops_cross,
          nicolae_elf_hall_of_bonks, minmay_shop_star
Vaults:1: ploomutoo_gammafunk_ghost_potion_laboratory,
          nicolae_vaults_little_squares_5, nicolae_vaults_network_star,
          st_octagons_1, hangedman_vaults_impose, v_pattern_2,
          hangedman_vaults_snaps, nicolae_vaults_network_s,
          nicolae_vaults_house_2, nicolae_vaults_closet_pinwheel_2,
          nicolae_vaults_six-pack, nicolae_vaults_diamond_2,
          vaults_dpeg_emergency_exit, nicolae_vaults_house_2,
          vaults_dpeg_diagonal, layout_vaults_maze, serial_shops,
          nicolae_shop_industrial_runoff
Vaults:2: hangedman_vaults_stitches, vaults_room_door_hall,
          nicolae_vaults_trapezoid_lopsided_3, nicolae_vaults_yaktaur_gun_rack,
          nicolae_vaults_closet_pinwheel_4, v_misc_1,
          nicolae_vaults_shelves_hall, nicolae_vaults_octothorpe,
          nicolae_vaults_trapezoid_lopsided_3, nicolae_vaults_sealed_display,
          layout_vaults_ring, serial_shops, shop, nicolae_book_shop_shelving,
          nicolae_shop_crystal, shop
Vaults:3: nicolae_vaults_apartment_1, nicolae_vaults_triangles, v_misc_3,
          hangedman_vaults_restitches, vaults_room_large_hall,
          minmay_crypt_entry_necro_gods, dpeg_vaults_monster_row,
          nicolae_vaults_tetromino_Z_1, nicolae_vaults_specimen_jars,
          hangedman_vaults_trim, nicolae_vaults_asterisk, v_rooms_1,
          nicolae_vaults_tetromino_T_1, layout_vaults_omnicross, serial_shops,
          bzr_entry_water
Vaults:4: vaults_room_corners, nicolae_vaults_tangram_1,
          vaults_room_glass_cross, ontoclasm_vaults_claustrophobia,
          hangedman_vaults_restitches, ontoclasm_vaults_pinch,
          vaults_room_stairs_pillars, ontoclasm_vaults_idyll,
          nicolae_vaults_tetromino_L_2, nicolae_vaults_lightning_bolt,
          nicolae_vaults_little_squares_4, nicolae_vaults_trapezoid_layered,
          layout_vaults_omnibox
Vaults:5: serial_shops
Depths:1: layout_cave_shapes, serial_bayou_pond_a, minmay_room_of_horrors,
          hell_entry, hangedman_abyss_or_decor_lesser_grid,
          chequers_serial_rivers_marsh, nicolae_qazlal_eye_of_the_storm,
          serial_bayou_shore_b, grunt_megastairs_2
Depths:2: cheibrodos_cascadia, layout_cave_pools, grunt_decor_arrowhead,
          hell_entry, serial_shops, nicolae_shop_hallway_stairs, pan_entry,
          nicolae_elevator_lobby_plus
Depths:3: grunt_bent_corner, layout_cave_shapes, kennysheep_big_empty_room,
          hell_entry, abyss_entry, minmay_shattered_shrine, uniq_saint_roka
Depths:4: grunt_crosshair, layout_cave_pools, enter_ziggurat_b,
          amcnicky_mini_rare_corridor_liquid, pf_coc_iceberg,
          hangedman_abyss_entry_splay
Zot:1:    grunt_twist_and_shout, layout_cathedral_of_symmetry

Skill      XL: |  1  2  3  4  5  6  7  8  9 10 11 12 13 14 15 16 17 18 19 20 21 22 23 24 25 |
---------------+----------------------------------------------------------------------------+-----
Earth Magic    | 3 4 5 6 8 9 10 11 12 13 14 15 16 17 18 19 20 | 20.4
Stealth        | 2 3 4 5 6 |  6.6
Spellcasting   | 3 4 5 7 8 9 10 11 12 13 14 15 16 17 18 19 20 21 22 | 22.3
Short Blades   | 1 |  1.7
Dodging        | 2 3 4 5 6 7 8 9 10 11 12 | 12.8
Armour         | 1 2 3 5 6 7 8 |  8.3
Fighting       | 1 2 3 4 5 6 7 |  7.3
Transmutations | 1 |  1.0
Shields        | 1 2 4 6 7 8 10 11 12 13 14 15 16 | 16.5
Conjurations   | 1 3 5 6 8 9 10 11 13 14 15 16 17 18 19 20 | 20.5
Staves         | 2 3 4 5 6 7 |  7.0
Throwing       | 1 2 |  2.8
Evocations     | 1 2 3 |  3.6
Unarmed Combat | |  0.7
Hexes          | |  0.1
Translocations | |  0.4
Fire Magic     | |  0.4

Action                     |  1- 3 |  4- 6 |  7- 9 | 10-12 | 13-15 | 16-18 | 19-21 | 22-24 | 25-27 || total
---------------------------+-------+-------+-------+-------+-------+-------+-------+-------+-------++-------
  Melee: Unarmed           |    11 |       |       |       |       |       |       |       |       ||    11
         Rapier            |    29 |     5 |       |       |       |       |       |       |       ||    34
         Dagger            |    10 |     1 |     4 |       |       |       |       |       |       ||    15
         Kick              |       |     2 |    13 |   242 |   321 |    72 |   141 |   143 |    99 ||  1033
         Staff             |       |       |    30 |   541 |   630 |   166 |   224 |   214 |   127 ||  1932
         Headbutt          |       |       |       |       |       |       |       |    66 |    67 ||   133
  Throw: Throwing net      |       |       |     1 |     1 |     2 |     6 |     1 |     1 |       ||    12
         Dart              |       |       |       |     8 |    17 |    12 |     2 |     6 |       ||    45
         Javelin           |       |       |       |       |       |     4 |     4 |     4 |     6 ||    18
   Cast: Sandblast         |    35 |    55 |   218 |    26 |     1 |       |       |       |       ||   335
         Stone Arrow       |       |       |    21 |   401 |  1008 |  1235 |   860 |  1305 |   171 ||  5001
         Passwall          |       |       |     2 |       |     2 |       |       |       |       ||     4
         Fireball          |       |       |       |       |       |       |       |     4 |       ||     4
         Blink             |       |       |       |       |       |       |       |     3 |     8 ||    11
         Lehudib's Crystal |       |       |       |       |       |       |       |   185 |   196 ||   381
         Cause Fear        |       |       |       |       |       |       |       |       |     1 ||     1
  Evoke: Wand              |       |       |     1 |       |    20 |    26 |       |    12 |    11 ||    70
         Lightning rod     |       |       |       |     4 |    15 |     7 |       |     6 |     4 ||    36
         Box of beasts     |       |       |       |       |     1 |     2 |     1 |     3 |     1 ||     8
         Phantom mirror    |       |       |       |       |       |     1 |     1 |     4 |     1 ||     7
    Use: Scroll            |       |       |    24 |    11 |    14 |    12 |     8 |    20 |     6 ||    95
         Potion            |       |       |     4 |    15 |    12 |    12 |    17 |    11 |    17 ||    88
   Stab: Sleeping          |     3 |       |     1 |       |     1 |       |       |       |       ||     5
         Petrified         |       |       |       |     2 |       |       |       |       |       ||     2
         Distracted        |       |       |       |       |     1 |     2 |     1 |     1 |       ||     5
         Invisible         |       |       |       |       |       |     1 |       |       |       ||     1
 Armour: Robe              |     6 |       |       |       |       |       |       |       |       ||     6
         Ring mail         |     3 |    36 |   127 |   436 |   737 |     8 |       |       |       ||  1347
         Skin              |       |       |       |     6 |       |       |       |       |       ||     6
         Troll leather arm |       |       |       |       |       |   297 |   212 |   339 |   189 ||  1037
  Dodge: Dodged            |    55 |    36 |   162 |   371 |   730 |   636 |   445 |   884 |   451 ||  3770
  Block: Buckler           |       |       |    37 |   107 |       |       |       |       |       ||   144
         Kite shield       |       |       |       |   550 |  1613 |   974 |   812 |  1428 |   564 ||  5941
